| TOP OF THE 1ST |
|
Chicago (APP) Cubs batting - Pitching for Missoula Osprey : RHP Jason Maki
|
|
Pitching: RHP Jason Maki
|
|
|
Batting: SHB Jim Lloyd
|
0-0: Ball 1-0: Swinging Strike 1-1: Ball 2-1: Foul Ball, location: 2F 2-2: Foul Ball, location: 2F 2-2: Foul Ball, location: 2F 2-2: Ball 3-2: Base on Balls
|
|
Batting: RHB Andy Villarreal
|
0-0: Ball 1-0: Ball 2-0: Foul Ball, location: 2F 2-1: Called Strike 2-2: Foul Ball, location: 2F 2-2: Ball 3-2: Foul Ball, location: 2F 3-2: Base on Balls Jim Lloyd to second
|
|
Batting: RHB Mike Stein
|
0-0: Ball 1-0: 3-RUN HOME RUN (Flyball, 78XD, EV 103.8 MPH), Distance : 388 ft
|
|
Batting: RHB Bartolo Aguilar
|
0-0: Ball 1-0: Foul Ball, location: 2F 1-1: Ball 2-1: Ground out 5-3 (Groundball, 56S, EV 78.1 MPH)
|
|
Batting: RHB Andy Baumhardt
|
0-0: Called Strike 0-1: SINGLE (Groundball, 56D, EV 102.5 MPH)
|
|
Batting: RHB Victor Ramirez
|
0-0: Swinging Strike 0-1: Foul Ball, location: 2F 0-2: Strikes out looking
|
|
Batting: LHB Jose Mafano
|
0-0: Foul Ball, location: 2F 0-1: Called Strike 0-2: Foul Ball, location: 2F 0-2: Strikes out swinging
|
| Top of the 1st over - 3 runs, 2 hits, 0 errors, 1 left on base; Chicago (APP) 3 - Missoula 0 |
| BOTTOM OF THE 1ST |
|
Missoula Osprey batting - Pitching for Chicago (APP) Cubs : RHP Bobby Almonte
|
|
Pitching: RHP Bobby Almonte
|
|
|
Batting: RHB Mike Smith
|
0-0: Ball 1-0: Swinging Strike 1-1: Ball 2-1: Ball 3-1: Swinging Strike 3-2: Base on Balls
|
|
Batting: RHB Hector Tabares
|
0-0: Ball 1-0: Called Strike Mike Smith steals 2nd base 1-1: Ball 2-1: Ball 3-1: Base on Balls
|
|
Batting: LHB Danny Salas
|
0-0: Called Strike 0-1: 3-RUN HOME RUN (Flyball, 89XD, EV 103.1 MPH), Distance : 394 ft
|
|
Batting: LHB Ron Mills
|
0-0: Ball 1-0: Foul Ball, location: 2F 1-1: Fly out, F8 (Flyball, 8RD, EV 108.1 MPH)
|
|
Batting: RHB Jimmy McIntosh
|
0-0: SINGLE (Line Drive, 7LM, EV 92.5 MPH)
|
|
Batting: RHB Claude Leduc
|
0-0: Foul Ball, location: 2F 0-1: 2-RUN HOME RUN (Flyball, 78XD, EV 99.4 MPH), Distance : 396 ft
|
|
Batting: RHB Juan Mejia
|
0-0: Ball 1-0: Fly out, F3 (Line Drive, 34, EV 66.2 MPH)
|
|
Batting: RHB Jose Cuellar
|
0-0: Foul Ball, location: 2F 0-1: Ball 1-1: Ball 2-1: Foul Ball, location: 2F 2-2: Ball 3-2: Base on Balls
|
|
Batting: RHB Isaiah Hampton
|
0-0: Ball 1-0: Called Strike 1-1: Swinging Strike 1-2: Strikes out swinging
|
| Bottom of the 1st over - 5 runs, 3 hits, 0 errors, 1 left on base; Chicago (APP) 3 - Missoula 5 |
| TOP OF THE 2ND |
|
Chicago (APP) Cubs batting - Pitching for Missoula Osprey : RHP Jason Maki
|
|
Batting: RHB Juan Lira
|
0-0: Ball 1-0: Called Strike 1-1: Fly out, F7 (Flyball, 7LM, EV 91.9 MPH)
|
|
Batting: RHB Jorge Gonzalez
|
0-0: Foul Ball, location: 2F 0-1: Called Strike 0-2: Ball 1-2: Foul Ball, location: 2F 1-2: Strikes out looking
|
|
Batting: SHB Jim Lloyd
|
0-0: Ball 1-0: Called Strike 1-1: Ball 2-1: DOUBLE (Groundball, 3L, EV 102.5 MPH)
|
|
Batting: RHB Andy Villarreal
|
0-0: Fly out, F6 (Popup, 56, EV 73.1 MPH)
|
| Top of the 2nd over - 0 runs, 1 hit, 0 errors, 1 left on base; Chicago (APP) 3 - Missoula 5 |
| BOTTOM OF THE 2ND |
|
Missoula Osprey batting - Pitching for Chicago (APP) Cubs : RHP Bobby Almonte
|
|
Batting: RHB Mike Smith
|
0-0: Swinging Strike 0-1: Ball 1-1: Ball 2-1: Swinging Strike 2-2: Foul Ball, location: 2F 2-2: Ball 3-2: Base on Balls
|
|
Batting: RHB Hector Tabares
|
0-0: DOUBLE (Groundball, 5L, EV 96.2 MPH) Mike Smith to third Runner from 3rd tries for Home, SAFE, throw by LF to trailing runner, SAFE at third!
|
|
Batting: LHB Danny Salas
|
0-0: Ball 1-0: Ball 2-0: Ball 3-0: Called Strike 3-1: Base on Balls
|
|
Batting: LHB Ron Mills
|
0-0: Called Strike 0-1: Called Strike 0-2: Ball 1-2: Foul Ball, location: 2F 1-2: Foul Ball, location: 2F 1-2: Foul Ball, location: 2F 1-2: Ball 2-2: Foul Ball, location: 2F 2-2: Ball 3-2: 3-RUN HOME RUN (Flyball, 9LD, EV 94.4 MPH), Distance : 349 ft
|
|
Pitching: RHP Lencho Otieno
|
|
|
Batting: RHB Jimmy McIntosh
|
0-0: SOLO HOME RUN (Flyball, 89XD, EV 105.6 MPH), Distance : 414 ft
|
|
Batting: RHB Claude Leduc
|
0-0: Ball 1-0: Ball 2-0: Ball 3-0: Swinging Strike 3-1: Base on Balls
|
|
Batting: RHB Juan Mejia
|
0-0: Called Strike 0-1: Foul Ball, location: 2F 0-2: Fly out, F7 (Flyball, 7S, EV 85.6 MPH)
|
|
Batting: RHB Jose Cuellar
|
0-0: DOUBLE (Line Drive, 89D, EV 109.4 MPH) Claude Leduc to third
|
|
Batting: RHB Isaiah Hampton
|
0-0: Ball Wild Pitch! Claude Leduc scores Jose Cuellar to third 1-0: Swinging Strike 1-1: Called Strike 1-2: Ball 2-2: Strikes out swinging
|
|
Batting: RHB Mike Smith
|
0-0: Ball 1-0: Ball 2-0: Swinging Strike 2-1: Ball Wild Pitch! Jose Cuellar scores 3-1: DOUBLE (Groundball, 5L, EV 104.4 MPH)
|
|
Batting: RHB Hector Tabares
|
0-0: Ball 1-0: Ball 2-0: Foul Ball, location: 2F 2-1: 2-RUN HOME RUN (Flyball, 89XD, EV 96.9 MPH), Distance : 403 ft
|
|
Pitching: RHP T.J. Garrison
|
|
|
Batting: LHB Danny Salas
|
0-0: Ball 1-0: Ball 2-0: Called Strike 2-1: Foul Ball, location: 2F 2-2: Ball 3-2: Foul Ball, location: 2F 3-2: Strikes out swinging
|
| Bottom of the 2nd over - 9 runs, 6 hits, 0 errors, 0 left on base; Chicago (APP) 3 - Missoula 14 |
| TOP OF THE 3RD |
|
Chicago (APP) Cubs batting - Pitching for Missoula Osprey : RHP Jason Maki
|
|
Batting: RHB Mike Stein
|
0-0: Ball 1-0: Foul Ball, location: 2F 1-1: Called Strike 1-2: Strikes out looking
|
|
Batting: RHB Bartolo Aguilar
|
0-0: Called Strike 0-1: Ball 1-1: Ball 2-1: Ground out 6-3 (Groundball, 6, EV 83.8 MPH)
|
|
Batting: RHB Andy Baumhardt
|
0-0: Called Strike 0-1: Ground out U3 (Groundball, 13, EV 86.2 MPH)
|
| Top of the 3rd over - 0 runs, 0 hits, 0 errors, 0 left on base; Chicago (APP) 3 - Missoula 14 |
| BOTTOM OF THE 3RD |
|
Missoula Osprey batting - Pitching for Chicago (APP) Cubs : RHP T.J. Garrison
|
|
Batting: LHB Ron Mills
|
0-0: Ball 1-0: TRIPLE (Groundball, 3L, EV 104.4 MPH)
|
|
Batting: RHB Jimmy McIntosh
|
0-0: Called Strike 0-1: Foul Ball, location: 2F 0-2: Ball 1-2: Strikes out swinging
|
|
Batting: RHB Claude Leduc
|
0-0: Called Strike 0-1: Ball 1-1: SINGLE (Groundball, 6D, EV 96.2 MPH) Ron Mills scores
|
|
Batting: RHB Juan Mejia
|
0-0: Ball 1-0: Called Strike 1-1: SINGLE (Groundball, 56D, EV 95.0 MPH) Claude Leduc to second
|
|
Pitching: RHP Dustin Goldsborough
|
|
|
Batting: RHB Jose Cuellar
|
0-0: Ball 1-0: Ball Wild Pitch! Claude Leduc to third Juan Mejia to second 2-0: Called Strike 2-1: Foul Ball, location: 2F 2-2: Strikes out swinging
|
|
Batting: RHB Isaiah Hampton
|
0-0: Called Strike 0-1: Called Strike 0-2: Ball 1-2: Foul Ball, location: 2F 1-2: Strikes out swinging
|
| Bottom of the 3rd over - 1 run, 3 hits, 0 errors, 2 left on base; Chicago (APP) 3 - Missoula 15 |
| TOP OF THE 4TH |
|
Chicago (APP) Cubs batting - Pitching for Missoula Osprey : RHP Jason Maki
|
|
Batting: RHB Victor Ramirez
|
0-0: Ball 1-0: Fly out, F7 (Flyball, 78M, EV 96.9 MPH)
|
|
Batting: LHB Jose Mafano
|
0-0: Called Strike 0-1: Ball 1-1: Swinging Strike 1-2: Ball 2-2: Ground out 4-3 (Groundball, 34, EV 78.1 MPH)
|
|
Batting: RHB Juan Lira
|
0-0: SINGLE (Groundball, 6MD, EV 107.5 MPH)
|
|
Batting: RHB Jorge Gonzalez
|
0-0: Ground out U3 (Groundball, 34S, EV 84.4 MPH)
|
| Top of the 4th over - 0 runs, 1 hit, 0 errors, 1 left on base; Chicago (APP) 3 - Missoula 15 |
| BOTTOM OF THE 4TH |
|
Missoula Osprey batting - Pitching for Chicago (APP) Cubs : RHP Dustin Goldsborough
|
|
Batting: RHB Mike Smith
|
0-0: Swinging Strike 0-1: Ball 1-1: Called Strike 1-2: Ball 2-2: Ball 3-2: Ground out 4-3 (Groundball, 4, EV 85.0 MPH)
|
|
Batting: RHB Hector Tabares
|
0-0: TRIPLE (Flyball, 78XD, EV 100.6 MPH)
|
|
Batting: LHB Danny Salas
|
0-0: Foul Ball, location: 2F 0-1: Swinging Strike 0-2: Ball 1-2: Hit by Pitch
|
|
Pitching: RHP Masato Iwase
|
|
|
Batting: LHB Ron Mills
|
0-0: Fielders Choice at 2nd, 4-6 (Groundball, 4, EV 95.0 MPH) Hector Tabares scores
|
|
Batting: RHB Jimmy McIntosh
|
0-0: Fly out, F9 (Flyball, 89S, EV 90.0 MPH)
|
| Bottom of the 4th over - 1 run, 1 hit, 0 errors, 1 left on base; Chicago (APP) 3 - Missoula 16 |
| TOP OF THE 5TH |
|
Chicago (APP) Cubs batting - Pitching for Missoula Osprey : RHP Jason Maki
|
|
Batting: SHB Jim Lloyd
|
0-0: Ball 1-0: Ball 2-0: Swinging Strike 2-1: Ground out 2-3 (Groundball, 2R, EV 65.6 MPH)
|
|
Batting: RHB Andy Villarreal
|
0-0: Ball 1-0: Ball 2-0: Swinging Strike 2-1: Ground out 4-3 (Groundball, 4, EV 76.2 MPH)
|
|
Batting: RHB Mike Stein
|
0-0: Ball 1-0: Foul Ball, location: 2F 1-1: Ground out 5-3 (Groundball, 56, EV 88.1 MPH)
|
| Top of the 5th over - 0 runs, 0 hits, 0 errors, 0 left on base; Chicago (APP) 3 - Missoula 16 |
| BOTTOM OF THE 5TH |
|
Missoula Osprey batting - Pitching for Chicago (APP) Cubs : RHP Masato Iwase
|
|
Batting: RHB Claude Leduc
|
0-0: Ball 1-0: Swinging Strike 1-1: Ball 2-1: Ball 3-1: Base on Balls
|
|
Batting: RHB Juan Mejia
|
0-0: Called Strike 0-1: Ball 1-1: Foul Ball, location: 2F 1-2: Strikes out swinging
|
|
Batting: RHB Jose Cuellar
|
0-0: Called Strike 0-1: Ball 1-1: Swinging Strike 1-2: Ball Wild Pitch! Claude Leduc to second 2-2: Foul Ball, location: 2F 2-2: Strikes out looking
|
|
Batting: RHB Isaiah Hampton
|
0-0: SINGLE (Groundball, 34D, EV 95.6 MPH) Claude Leduc to third Runner from 3rd tries for Home, throw by RF and OUT! 9-2
|
| Bottom of the 5th over - 0 runs, 1 hit, 0 errors, 1 left on base; Chicago (APP) 3 - Missoula 16 |
| TOP OF THE 6TH |
|
Chicago (APP) Cubs batting - Pitching for Missoula Osprey : RHP Jason Maki
|
|
Batting: RHB Bartolo Aguilar
|
0-0: Ball 1-0: Called Strike 1-1: Ball 2-1: Ball 3-1: Fly out, F8 (Flyball, 89M, EV 88.1 MPH)
|
|
Batting: RHB Andy Baumhardt
|
0-0: Ball 1-0: Called Strike 1-1: Foul Ball, location: 2F 1-2: Ball 2-2: Fly out, F9 (Line Drive, 89S, EV 88.8 MPH)
|
|
Batting: RHB Victor Ramirez
|
0-0: Ball 1-0: Foul Ball, location: 2F 1-1: Swinging Strike 1-2: Strikes out swinging
|
| Top of the 6th over - 0 runs, 0 hits, 0 errors, 0 left on base; Chicago (APP) 3 - Missoula 16 |
| BOTTOM OF THE 6TH |
|
Missoula Osprey batting - Pitching for Chicago (APP) Cubs : RHP Masato Iwase
|
|
Batting: RHB Mike Smith
|
0-0: Ball 1-0: Fly out, F8 (Flyball, 89M, EV 80.6 MPH)
|
|
Batting: RHB Hector Tabares
|
0-0: Ball 1-0: Ball 2-0: Ball 3-0: Base on Balls
|
|
Batting: LHB Danny Salas
|
0-0: Ball 1-0: Foul Ball, location: 2F 1-1: 2-RUN HOME RUN (Flyball, 9D, EV 99.4 MPH), Distance : 364 ft
|
|
Batting: LHB Ron Mills
|
0-0: Ball 1-0: Ground out U3 (Groundball, 34S, EV 83.8 MPH)
|
|
Batting: RHB Jimmy McIntosh
|
0-0: Ball 1-0: Foul Ball, location: 2F 1-1: Ball 2-1: DOUBLE (Line Drive, 89D, EV 110.6 MPH)
|
|
Batting: RHB Claude Leduc
|
0-0: Ball 1-0: Ball 2-0: Ball 3-0: Called Strike 3-1: Base on Balls
|
|
Batting: RHB Juan Mejia
|
0-0: Ball 1-0: Swinging Strike 1-1: Called Strike 1-2: Ball 2-2: Foul Ball, location: 2F 2-2: Foul Ball, location: 2F 2-2: Ball 3-2: Base on Balls Jimmy McIntosh to third Claude Leduc to second
|
|
Batting: RHB Jose Cuellar
|
0-0: Ball 1-0: Fly out, F9 (Flyball, 9S, EV 83.1 MPH)
|
| Bottom of the 6th over - 2 runs, 2 hits, 0 errors, 3 left on base; Chicago (APP) 3 - Missoula 18 |
| TOP OF THE 7TH |
|
Chicago (APP) Cubs batting - Pitching for Missoula Osprey : RHP Jason Maki
|
|
Batting: LHB Jose Mafano
|
0-0: Ground out 5-3 (Groundball, 56, EV 87.5 MPH)
|
|
Batting: RHB Juan Lira
|
0-0: Swinging Strike 0-1: Foul Ball, location: 2F 0-2: Ball 1-2: Ball 2-2: Foul Ball, location: 2F 2-2: Strikes out swinging
|
|
Batting: RHB Jorge Gonzalez
|
0-0: Foul Ball, location: 2F 0-1: SOLO HOME RUN (Line Drive, 7LD, EV 93.8 MPH), Distance : 345 ft
|
|
Batting: SHB Jim Lloyd
|
0-0: Ball 1-0: Called Strike 1-1: Ball 2-1: Ground out 6-3 (Groundball, 6, EV 100.6 MPH)
|
| Top of the 7th over - 1 run, 1 hit, 0 errors, 0 left on base; Chicago (APP) 4 - Missoula 18 |
| BOTTOM OF THE 7TH |
|
Missoula Osprey batting - Pitching for Chicago (APP) Cubs : RHP Masato Iwase
|
|
Batting: RHB Isaiah Hampton
|
0-0: Ball 1-0: Ball 2-0: Called Strike 2-1: Called Strike 2-2: Strikes out swinging
|
|
Pinch Hitting: RHB Edwin Romero
|
0-0: SOLO HOME RUN (Flyball, 7D, EV 95.6 MPH), Distance : 361 ft
|
|
Batting: RHB Hector Tabares
|
0-0: Fly out, F6 (Line Drive, 6, EV 63.8 MPH)
|
|
Batting: LHB Danny Salas
|
0-0: Ball 1-0: Foul Ball, location: 2F 1-1: Ball 2-1: Fly out, F9 (Flyball, 89M, EV 88.8 MPH)
|
| Bottom of the 7th over - 1 run, 1 hit, 0 errors, 0 left on base; Chicago (APP) 4 - Missoula 19 |
| TOP OF THE 8TH |
|
Chicago (APP) Cubs batting - Pitching for Missoula Osprey : RHP Jason Maki
|
|
Now at SS: Edwin Romero
|
|
|
Batting: RHB Andy Villarreal
|
0-0: Ball 1-0: Called Strike 1-1: Swinging Strike 1-2: Foul Ball, location: 2F 1-2: Strikes out swinging
|
|
Pitching: RHP Jon Wernli
|
|
|
Batting: RHB Mike Stein
|
0-0: Ball 1-0: Foul Ball, location: 2F 1-1: Ball 2-1: Ball 3-1: Base on Balls
|
|
Batting: RHB Bartolo Aguilar
|
0-0: Foul Ball, location: 2F 0-1: Ball 1-1: Foul Ball, location: 2F Balk! Mike Stein to second 1-2: Ground out 4-3 (Groundball, 4, EV 111.2 MPH) Mike Stein to third
|
|
Batting: RHB Andy Baumhardt
|
0-0: Ground out 5-3 (Groundball, 5, EV 91.2 MPH)
|
| Top of the 8th over - 0 runs, 0 hits, 0 errors, 1 left on base; Chicago (APP) 4 - Missoula 19 |
| BOTTOM OF THE 8TH |
|
Missoula Osprey batting - Pitching for Chicago (APP) Cubs : RHP Masato Iwase
|
|
Batting: LHB Ron Mills
|
0-0: Ball 1-0: Ball 2-0: Ball 3-0: Base on Balls
|
|
Batting: RHB Jimmy McIntosh
|
0-0: Ball 1-0: Ball 2-0: Called Strike 2-1: SINGLE (Line Drive, 7S, EV 99.4 MPH) Ron Mills to second
|
|
Batting: RHB Claude Leduc
|
0-0: Ball 1-0: Ball 2-0: Called Strike 2-1: Foul Ball, location: 2F 2-2: Ball 3-2: Base on Balls Ron Mills to third Jimmy McIntosh to second
|
|
Batting: RHB Juan Mejia
|
0-0: Ball 1-0: Ball 2-0: Foul Ball, location: 2F 2-1: Called Strike 2-2: DOUBLE (Line Drive, 78D, EV 98.1 MPH) Ron Mills scores Jimmy McIntosh scores Claude Leduc to third
|
|
Batting: RHB Jose Cuellar
|
0-0: Foul Ball, location: 2F 0-1: Foul Ball, location: 2F 0-2: Ball 1-2: Ball 2-2: Fly out, F9 (Flyball, 89M, EV 89.4 MPH) Runner from 3rd tags up, SCORES, throw by RF Juan Mejia to third
|
|
Batting: RHB Isaiah Hampton
|
0-0: SINGLE (Groundball, 34D, EV 100.0 MPH) Juan Mejia scores
|
|
Batting: RHB Edwin Romero
|
0-0: Grounds into double play, 5-4-3 (Groundball, 56, EV 90.0 MPH)
|
| Bottom of the 8th over - 4 runs, 3 hits, 0 errors, 0 left on base; Chicago (APP) 4 - Missoula 23 |
| TOP OF THE 9TH |
|
Chicago (APP) Cubs batting - Pitching for Missoula Osprey : RHP Jon Wernli
|
|
Batting: RHB Victor Ramirez
|
0-0: Called Strike 0-1: Swinging Strike 0-2: Ball 1-2: Ball 2-2: Ball 3-2: Foul Ball, location: 2F 3-2: Foul Ball, location: 2F 3-2: Base on Balls
|
|
Batting: LHB Jose Mafano
|
0-0: Fly out, F7 (Flyball, 78D, EV 96.9 MPH)
|
|
Batting: RHB Juan Lira
|
0-0: Called Strike 0-1: SINGLE (Groundball, 56D, EV 102.5 MPH) Victor Ramirez to second
|
|
Batting: RHB Jorge Gonzalez
|
0-0: Called Strike 0-1: Ball 1-1: Foul Ball, location: 2F 1-2: Strikes out swinging
|
|
Batting: SHB Jim Lloyd
|
0-0: Ball 1-0: DOUBLE (Flyball, 8RXD, EV 103.1 MPH) Victor Ramirez scores Juan Lira to third
|
|
Batting: RHB Andy Villarreal
|
0-0: Called Strike 0-1: SINGLE (Groundball, 34D, EV 98.8 MPH) Juan Lira scores Jim Lloyd to third
|
|
Batting: RHB Mike Stein
|
0-0: Called Strike 0-1: Ball 1-1: Foul Ball, location: 2F 1-2: 3-RUN HOME RUN (Flyball, 9D, EV 96.2 MPH), Distance : 368 ft
|
|
Pitching: RHP Javier Rosales
|
|
|
Batting: RHB Bartolo Aguilar
|
0-0: Called Strike 0-1: Ball 1-1: Swinging Strike 1-2: Strikes out swinging
|
| Top of the 9th over - 5 runs, 4 hits, 0 errors, 0 left on base; Chicago (APP) 9 - Missoula 23 |
|